 Dungeon Crawl Stone Soup version 0.18-a0-1300-g6e8322c (webtiles) character file.

49 ololoev the Firebug (level 3, -3/19 HPs)
             Began as a Deep Elf Fire Elementalist on Feb 11, 2016.
             Killed from afar by Natasha (7 damage)
             ... with a magic dart
             ... on level 2 of the Dungeon.
             The game lasted 00:02:52 (331 turns).

ololoev the Firebug (Deep Elf Fire Elementalist)     Turns: 331, Time: 00:02:52

Health: -3/19      AC:  2    Str:  5    XL:     3   Next: 53%
Magic:  0/10       EV: 13    Int: 20    God:
Gold:   41         SH:  0    Dex: 15    Spells: 3 memorised, 2 levels left

rFire  . . .     SeeInvis .     (no weapon)
rCold  . . .     Gourm    .     a - +0 robe
rNeg   . . .     Faith    .     (no shield)
rPois  .         Spirit   .     (no helmet)
rElec  .         Dismiss  .     (no cloak)
rCorr  .         Reflect  .     (no gloves)
SustAt .         Harm     .     (no boots)
MR     .....                    (no amulet)
Stlth  ++........               (no ring)
                                (no ring)

@: very slightly contaminated, slowed, very slow, not resistant to hostile
enchantments, unstealthy
A: no striking features
a: no special abilities

Inventory:

Armour
 a - a +0 robe (worn)
Wands
 e - a wand of slowing (0/48)
Scrolls
 f - a scroll of noise {unknown}
 g - 2 scrolls of remove curse {unknown}
 i - a scroll of enchant weapon {unknown}
Potions
 d - a potion of haste {unknown}
Books
 b - a book of Flames

   Spells                             Type                      Level
   a - Flame Tongue                   Conjuration/Fire             1
   b - Throw Flame                    Conjuration/Fire             2
   c - Conjure Flame                  Conjuration/Fire             3
   d - Inner Flame                    Hexes/Fire                   3
   e - Sticky Flame                   Conjuration/Fire             4
   f - Fireball                       Conjuration/Fire             5
Comestibles
 c - 2 bread rations
 h - a beef jerky


   Skills:
 - Level 2.4 Dodging
 - Level 2.4 Stealth
 + Level 3.6 Spellcasting
 * Level 2.7 Conjurations
 + Level 3.8 Fire Magic


You had 2 spell levels left.
You knew the following spells:

 Your Spells              Type           Power        Failure   Level  Hunger
a - Flame Tongue          Conj/Fire      ###..        3%          1    None
b - Conjure Flame         Conj/Fire      ###.....     12%         3    ###....
e - Inner Flame           Hex/Fire       ##......     21%         3    ###....


You were on level 2 of the Dungeon.
You were not hungry.

You visited 1 branch of the dungeon, and saw 3 of its levels.

You collected 41 gold pieces.

#.....#.###.## #.#
#.#.##5###...###.###
#.#..##.........)....
#.
##..#####...#######
.. ##....÷h#### ##
##..####.# #..## #.#
#.#h# #.# #.#@# #.# #
#.# #.# #.# #.#
#.#.#####.# #.......#
.......###.# ########
#.# #.# #.# #

Notes
Turn   | Place    | Note
--------------------------------------------------------------
     0 | D:1      | ololoev the Deep Elf Fire Elementalist began the quest for the Orb.
     0 | D:1      | Reached XP level 1. HP: 10/10 MP: 6/6
     8 | D:2      | Noticed Terence
    89 | D:2      | Killed Terence
    89 | D:2      | Reached XP level 2. HP: 15/15 MP: 0/8
   101 | D:2      | Noticed Natasha
   119 | D:2      | Noticed a crimson imp
   163 | D:1      | Reached XP level 3. HP: 15/19 MP: 7/10
   168 | D:1      | Learned a level 3 spell: Conjure Flame
   172 | D:1      | Learned a level 3 spell: Inner Flame
   331 | D:2      | Killed from afar by Natasha

Dungeon Overview and Level Annotations

Branches:
Dungeon (3/15)

Altars:

Annotations:
D:2 Natasha


Message History

Natasha claws you.
You hit Natasha but do no damage.
Natasha is heavily wounded.
Natasha barely misses you.
Casting: Flame Tongue
Confirm with . or Enter, or press ? or * to list all spells.
Aiming: Flame Tongue
Press: ? - help, Shift-Dir - straight line, f/p - Natasha
Aim: Natasha (heavily wounded)
The flame tongue hits Natasha.
Natasha is severely wounded.
Natasha claws you.
You barely miss Natasha.
Natasha is severely wounded.
Natasha closely misses you.
You closely miss Natasha.
Natasha is severely wounded.
Natasha barely misses you.
You hit Natasha but do no damage.
Natasha is severely wounded.
Natasha misses you.
You closely miss Natasha.
Natasha is severely wounded.
Natasha stares at you and mumbles some strange words.
You feel yourself slow down.
You hit Natasha.
Natasha is almost dead.
Natasha claws you.
You barely miss Natasha.
Natasha is almost dead.
Natasha claws you. Natasha closely misses you.
Casting: Flame Tongue
Confirm with . or Enter, or press ? or * to list all spells.
Aiming: Flame Tongue
Press: ? - help, Shift-Dir - straight line, f/p - Natasha
Aim: Natasha (almost dead)
The flame tongue misses Natasha.
Natasha stares at you and mumbles some strange words.
The magic dart hits you!
You die...

You could see Natasha.

Vanquished Creatures
  Terence (D:2)
  An adder (D:2)
  3 bats
  2 giant cockroaches
  4 goblins (D:1)
  A hobgoblin (D:1)
  2 giant newts
  2 kobolds (D:1)
  2 rats
18 creatures vanquished.

Action                   || total
-------------------------++-------
Melee: Unarmed           ||    10
 Cast: Flame Tongue      ||    41
Evoke: Wand              ||     5

Vault maps used:
D:1:      dpeg_arrival_pits, fountainhead
D:2:      overflow_temple_1_default, uniq_natasha, uniq_terence,
          uniq_crazy_yiuf_cottage
D:3:      first_bread, grunt_ministairs_9, minmay_misc_feat_iff, uniq_grinder
